AoeStats
← Wallylee

Hill Fort

506528443Analyzed
2v2 RM · 17d ago on Sep 13, 2026· 26m 59s· 4 players
Game mode
Random Map
Map size
Medium (4 player)
Population
200
Speed
Normal
Resources
Standard
Victory
Conquest
Starting age
Dark Age
Ending age
Imperial Age
RankedLock teamsTeams togetherTeam positionsShared explorationLock speedFull tech treeHidden civsTurbo modeCheats
Victory
Defeat
🇺🇸 Vikings · United States
1038
+16
🇺🇸 Spanish · United States
1017
+17
🇦🇷 Turks · Argentina
1050
-16
🇦🇷 Mongols · Argentina
1044
-17
Wallylee
12:43 Feudal Age
11:27 Loom
19:11 Castle Age
20:00 Double-Bit Axe
19:57 Horse Collar
26:49 Gold Mining
Scoobs (tcook)
8:11 Loom
10:31 Feudal Age
11:03 Double-Bit Axe
15:35 Horse Collar
20:49 Castle Age
Peludo De Cementerio
10:14 Feudal Age
9:45 Loom
11:05 Horse Collar
13:37 Double-Bit Axe
15:08 Wheelbarrow
16:51 Bloodlines
19:54 Scale Barding Armor
20:00 Forging
24:03 Castle Age
22:04 Gold Mining
Kechu
4:34 Loom
12:05 Feudal Age
17:28 Castle Age
15:55 Double-Bit Axe
16:31 Gold Mining
17:39 Stone Mining
22:50 Forging
24:38 Iron Casting
Connection lost

Rejoining the realm…

Still unreachable

The connection could not be restored.

Session expired

The server has moved on; the page needs a fresh start.